AoeStats
← Cinnamoroll

African Clearing

506269918Analyzed
4v4 RM · 20d ago on Sep 13, 2026· 43m 30s· 8 players
Game mode
Random Map
Map size
Large (8 player)
Population
200
Speed
Normal
Resources
Standard
Victory
Conquest
Starting age
Dark Age
Ending age
Imperial Age
RankedLock teamsTeams togetherTeam positionsShared explorationLock speedFull tech treeHidden civsTurbo modeCheats
Victory
Defeat
🇨🇦 Magyars · Canada
1817
+17
🇨🇳 Shu · China
1749
+20
🇨🇦 Celts · Canada
1581
+26
🇺🇸 Chinese · United States
1539
+27
🇲🇽 Mongols · Mexico
1883
-24
🇦🇷 Persians · Argentina
1850
-23
🇲🇽 Tupi · Mexico
1795
-22
🇵🇪 Saracens · Peru
1772
-21
团团团子
8:26 Loom
12:27 Feudal Age
13:16 Man-at-Arms
15:49 Fletching
20:25 Horse Collar
24:45 Wheelbarrow
26:06 Town Watch
31:43 Castle Age
30:06 Stone Mining
30:08 Gold Mining
31:24 Double-Bit Axe
40:28 Ballistics
42:30 Bow Saw
43:19 Heavy Plow
Cinnamoroll
8:47 Loom
11:11 Feudal Age
11:37 Man-at-Arms
13:27 Loom
16:45 Fletching
23:55 Castle Age
22:08 Double-Bit Axe
22:44 Padded Archer Armor
22:34 Horse Collar
24:07 Crossbowman
26:11 Bodkin Arrow
34:51 Town Watch
36:12 Ballistics
36:01 Heavy Plow
37:50 Wheelbarrow
38:49 Stone Mining
38:50 Gold Mining
41:51 Imperial Age
40:33 Hand Cart
40:39 Scale Mail Armor
40:49 Forging
40:19 Pikeman
42:00 Halberdier
43:04 Conscription
43:34 Chain Mail Armor
43:54 Iron Casting
[hkbb] Munzo__
5:59 Loom
12:19 Feudal Age
12:50 Double-Bit Axe
13:10 Horse Collar
17:40 Town Watch
18:18 Scale Barding Armor
21:01 Wheelbarrow
25:15 Castle Age
23:58 Bloodlines
24:30 Fletching
25:18 Light Cavalry
26:27 Chain Barding Armor
27:06 Husbandry
37:07 Bow Saw
37:13 Hand Cart
37:12 Heavy Plow
39:23 Gold Mining
39:24 Stone Mining
42:28 Imperial Age
41:01 Gold Shaft Mining
42:30 Cavalier
43:48 Plate Barding Armor
44:18 Two-Man Saw
43:49 Crop Rotation
43:55 Conscription
AlDebaran
3:22 Loom
13:41 Feudal Age
17:41 Castle Age
16:08 Double-Bit Axe
16:28 Fletching
22:25 Fervor
22:36 Sanctity
29:30 Town Watch
29:49 Horse Collar
30:20 Bow Saw
32:43 Scale Barding Armor
34:33 Wheelbarrow
34:13 Forging
36:18 Gold Mining
40:01 Imperial Age
36:56 Light Cavalry
37:46 Bloodlines
37:40 Husbandry
39:56 Wheelbarrow
41:23 Masonry
43:23 Conscription
43:41 Hand Cart
Zoschenko
3:48 Loom
14:43 Feudal Age
19:22 Castle Age
17:13 Double-Bit Axe
17:45 Fletching
17:59 Horse Collar
22:34 Bodkin Arrow
27:27 Ballistics
34:36 Padded Archer Armor
37:40 Bow Saw
37:20 Gold Mining
44:12 Wheelbarrow
Cona de Élite
12:36 Feudal Age
11:38 Loom
16:32 Castle Age
14:50 Double-Bit Axe
15:46 Town Watch
32:05 Horse Collar
42:05 Imperial Age
41:30 Scale Barding Armor
41:35 Forging
42:33 Bow Saw
43:14 Chain Barding Armor
44:19 Iron Casting
CL_lorecs
4:20 Loom
13:00 Feudal Age
20:38 Double-Bit Axe
27:43 Castle Age
hK | FraKTal
11:12 Feudal Age
9:56 Loom
11:08 Loom
11:55 Double-Bit Axe
14:38 Forging
15:54 Scale Barding Armor
25:31 Castle Age
24:01 Bloodlines
24:04 Horse Collar
26:35 Wheelbarrow
33:28 Hand Cart
33:02 Town Watch
33:43 Bow Saw
34:09 Husbandry
36:11 Chain Barding Armor
36:27 Gold Mining
40:37 Iron Casting
42:05 Hand Cart
43:22 Gold Shaft Mining
42:38 Stone Mining
Connection lost

Rejoining the realm…

Still unreachable

The connection could not be restored.

Session expired

The server has moved on; the page needs a fresh start.